Map: 光影交错-天梯版

Players

JoliwaLoves

  • Race: Protoss Protoss

DPGEnchant (EnChant) - Winner!

  • Race: Protoss Protoss
  • League: Master

Event: DreamHack SC2 Masters 2020 Winter

VOD

Have the link to the VOD?

Description

Time

  • Played on: Oct. 16, 2020, 8:56 a.m.
  • Length: 13:12

All games in this series

Show
View Real Time Build Order
Export as new Build Order

JoliwaLoves Protoss 

Build Orders:  

Get SALT Encoding   

  12  0:00  Probe  
  13  0:12  Probe  
  14  0:17  Pylon  
  14  0:24  Probe  
  15  0:38  Gateway  
  15  0:39  Probe (Chrono Boost)  
  16  0:49  Assimilator, Probe (Chrono Boost)  
  17  0:54  Probe (Chrono Boost)  
  18  0:57  Assimilator  
  18  1:06  Probe (Chrono Boost)  
  18  1:10  Gateway  
  19  1:14  Probe (Chrono Boost)  
  20  1:20  Probe  
  20  1:25  Cybernetics Core  
  21  1:32  Probe  
  22  1:33  Pylon  
  22  1:44  Probe  
  23  1:56  Probe  
  24  2:02  Warp Gate, Adept x2  
  28  2:08  Probe  
  28  2:10  Pylon  
  29  2:26  Pylon  
  29  2:32  Stalker x2  
  33  2:56  Nexus  
  29  3:13  Probe  
  28  3:25  Probe  
  29  3:30  Robotics Facility  
  31  3:34  Sentry x2  
  31  3:37  Probe  
  33  3:45  Shield Battery  
  33  3:50  Probe  
  34  4:02  Probe  
  35  4:09  Stalker x2  
  40  4:20  Phoenix  
  40  4:21  Immortal (Chrono Boost)  
  41  4:41  Stalker x2  
  45  4:47  Probe  
  46  4:59  Phoenix  
  46  5:04  Immortal (Chrono Boost)  
  43  5:13  Adept x2  
  51  5:25  Probe  
  51  5:26  Probe  
  53  5:34  Pylon  
  53  5:48  Warp Prism (Chrono Boost)  
  53  5:55  Sentry x2  
  59  6:04  Gateway  
  59  6:09  Pylon  
  59  6:18  Sentry  
  59  6:37  Stalker  
  61  6:40  Immortal (Chrono Boost)  
  65  6:53  Robotics Bay  
  65  6:55  Probe x2  
  67  7:02  Assimilator  
  61  7:31  Adept x3  
  61  7:33  Probe x2  
  69  7:40  Pylon  
  69  7:45  Probe  
  69  7:47  Pylon  
  70  7:58  Probe  
  71  8:08  Disruptor (Chrono Boost)  
  74  8:15  Probe x2 (Chrono Boost)  
  76  8:24  Gateway x2, Probe (Chrono Boost)  
  76  8:25  Probe (Chrono Boost)  
  76  8:26  Gateway  
  78  8:28  Twilight Council  
  78  8:29  Probe x2 (Chrono Boost)  
  80  8:42  Probe x2  
  80  8:46  Disruptor (Chrono Boost)  
  85  9:03  Blink (Chrono Boost)  
  85  9:10  Pylon  
  85  9:13  Pylon  
  85  9:26  Pylon  
  85  9:28  Disruptor  
  88  9:32  Pylon  
  88  9:33  Pylon  
  88  9:36  Assimilator  
  85  10:01  Nexus  
  85  10:03  Phoenix  
  85  10:07  Disruptor  
  88  10:18  Stalker x5  
  88  10:20  Stalker  
  100  10:27  Dark Shrine  
  100  10:36  Pylon  
  100  10:46  Gravitic Drive (Chrono Boost), Disruptor  
  95  11:17  Stalker x5  
  105  11:19  Disruptor (Chrono Boost)  
  103  11:42  Stalker  
  103  11:43  Stalker x2  
  103  11:44  Zealot  
  111  11:47  Disruptor  
  81  12:17  Stalker x4  
  79  12:23  Disruptor (Chrono Boost)  
  82  12:37  Stalker x2  
  83  12:45  Stalker x3  
Show
View Real Time Build Order
Export as new Build Order

DPGEnchant Protoss - Winner!

Build Orders:  

Get SALT Encoding   

  12  0:00  Probe  
  13  0:12  Probe  
  14  0:17  Pylon  
  14  0:24  Probe (Chrono Boost)  
  15  0:37  Probe (Chrono Boost)  
  15  0:40  Gateway  
  16  0:44  Probe (Chrono Boost)  
  16  0:46  Assimilator  
  17  0:51  Probe  
  17  0:54  Assimilator  
  18  1:03  Probe (Chrono Boost)  
  19  1:12  Probe (Chrono Boost)  
  19  1:15  Gateway  
  19  1:17  Probe (Chrono Boost)  
  21  1:28  Cybernetics Core  
  21  1:30  Probe  
  22  1:35  Pylon  
  22  1:42  Probe  
  23  1:54  Probe  
  24  2:06  Warp Gate, Adept x2  
  28  2:14  Pylon  
  28  2:21  Pylon  
  28  2:36  Stalker x2  
  32  2:39  Robotics Facility  
  32  2:43  Gateway  
  32  2:57  Shield Battery  
  32  3:17  Stalker x2  
  32  3:24  Warp Prism (Chrono Boost)  
  34  3:34  Shield Battery  
  34  3:52  Observer (Chrono Boost)  
  35  3:56  Stalker x2, Pylon  
  39  4:09  Shield Battery  
  39  4:28  Nexus  
  39  4:39  Adept x2  
  39  4:40  Sentry  
  39  4:42  Probe (Chrono Boost)  
  46  4:54  Probe (Chrono Boost)  
  44  5:13  Shield Battery  
  43  5:14  Immortal (Chrono Boost)  
  43  5:15  Pylon  
  43  5:19  Shield Battery  
  47  5:27  Robotics Bay  
  48  5:35  Probe (Chrono Boost)  
  48  5:41  Probe (Chrono Boost)  
  49  5:49  Immortal (Chrono Boost)  
  54  5:51  Probe (Chrono Boost)  
  54  5:55  Probe (Chrono Boost)  
  55  5:58  Probe  
  56  6:08  Adept x3  
  56  6:10  Probe x2  
  64  6:14  Pylon  
  64  6:24  Disruptor  
  63  6:36  Adept x3  
  63  6:38  Probe  
  63  6:39  Probe  
  71  6:44  Pylon  
  71  6:50  Probe  
  71  6:51  Probe  
  73  6:58  Zealot x3  
  75  7:14  Disruptor (Chrono Boost)  
  76  7:28  Adept x3  
  82  7:32  Pylon, Probe x2  
  82  7:33  Shield Battery  
  82  7:35  Pylon  
  84  7:37  Shield Battery  
  84  7:47  Observer  
  83  8:03  Observer  
  83  8:08  Pylon  
  83  8:12  Probe x2  
  85  8:14  Assimilator  
  85  8:16  Assimilator  
  85  8:17  Twilight Council  
  85  8:20  Pylon  
  85  8:30  Probe x2  
  87  8:52  Blink (Chrono Boost)  
  87  8:59  Adept x3  
  93  9:04  Gateway, Disruptor (Chrono Boost)  
  93  9:05  Gateway x2  
  93  9:09  Gateway  
  96  9:14  Gateway  
  96  9:26  Adept x3  
  102  9:34  Warp Prism (Chrono Boost)  
  104  9:42  Pylon  
  104  9:43  Pylon  
  98  9:47  Observer  
  98  9:48  Stalker x3  
  104  10:01  Stalker x3  
  104  10:05  Forge, Observer  
  104  10:06  Pylon  
  110  10:08  Pylon  
  102  10:18  Stalker x3  
  108  10:21  Sentry x2  
  112  10:46  Stalker x5  
  122  10:53  Sentry  
  122  10:54  Stalker  
  122  10:55  Sentry  
  128  11:19  Stalker x4  
  126  11:43  Stalker x4  
  126  11:44  Zealot x3  
  134  12:02  Stalker  
  114  12:26  Stalker x4  
  114  12:27  Stalker x2, Zealot x2  
  124  12:57  Stalker x5  
  134  12:58  Zealot x3  
Tags
 
Add a new tag
Caveats
  • Supply blocks, unpowered buildings, or Contaminate may cause inaccurate times.
  • Supply counts are checked every 10 seconds.